 Dungeon Crawl Stone Soup version 0.26-a0-451-gacbe401039 (webtiles) character file.

Game seed: 14254524867375989623

1601 Gargoyl the Skirmisher (level 8, -7/67 HPs)
             Began as a Gnoll Abyssal Knight on July 28, 2020.
             Was an Elder of Lugonu.
             Mangled by a two-headed ogre
             ... wielding a +0 giant club
              (12 damage)
             ... on level 6 of the Dungeon.
             The game lasted 00:09:28 (4505 turns).

Gargoyl the Skirmisher (Gnoll Abyssal Knight)       Turns: 4505, Time: 00:09:28

Health: -7/67      AC: 18    Str: 15    XL:     8   Next: 94%
Magic:  13/13      EV:  6    Int: 17    God:    Lugonu [****..]
Gold:   106        SH:  9    Dex: 18    Spells: 14/14 levels left

rFire    . . .     SeeInvis .   c - +3 broad axe (vamp)
rCold    . . .     Faith    .   h - +0 buckler
rNeg     . . .     Spirit   .   s - +0 plate armour
rPois    +         Reflect  .   o - +2 hat of Duty {+Inv rPois Regen+ Int+2}
rElec    .         Harm     .   (no cloak)
rCorr    .                      n - +1 pair of gloves
MR       .....                  (no boots)
Stlth    ..........             m - amulet of the acrobat
HPRegen  0.61/turn              (no ring)
MPRegen  0.13/turn              (no ring)

@: no status effects
A: distributed training, fangs 1, large bone plates 1, molten scales 1, agile 1,
blink, strong nose
a: Blink, Depart the Abyss, Bend Space, Banish, Corrupt, Renounce Religion,
Evoke Invisibility


You were on level 6 of the Dungeon.
You worshipped Lugonu.
Lugonu was greatly pleased with you.
You visited 1 branch of the dungeon, and saw 6 of its levels.
You visited the Abyss 1 time.

You collected 433 gold pieces.
You spent 327 gold pieces at shops.

Inventory:

Hand Weapons
 a - a +1 hand axe
 c - a +3 vampiric broad axe (weapon)
Missiles
 y - 8 javelins (quivered)
Armour
 h - a +0 buckler (worn)
 n - a +1 pair of gloves (worn)
 o - the +2 hat of Duty (worn) {+Inv rPois Regen+ Int+2}
   (You found it on level 5 of the Dungeon)

   It affects your intelligence (+2).
   It protects you from poison.
   It lets you turn invisible.
   It increases your rate of regeneration.
 s - a +0 plate armour (worn)
Jewellery
 m - an amulet of the acrobat (around neck)
 w - an uncursed amulet of regeneration
Wands
 i - a wand of digging (4)
 x - a wand of acid (8)
Scrolls
 b - 4 scrolls of teleportation
 g - 2 scrolls of remove curse
 k - a scroll of identify
 t - 2 scrolls of magic mapping
Potions
 d - a potion of cancellation {unknown}
 e - a potion of resistance {unknown}
 f - 5 potions of curing
 j - a potion of haste {unknown}
 l - 3 potions of heal wounds
 p - 2 potions of brilliance {unknown}
 q - a potion of mutation
 r - a potion of might
 u - a potion of lignification {unknown}
 v - 3 potions of invisibility {unknown}


   Skills:
 + Level 7.6 Fighting
 + Level 3.7 Short Blades
 + Level 3.7 Long Blades
 + Level 6.0 Axes
 + Level 3.7 Maces & Flails
 + Level 3.7 Polearms
 + Level 3.7 Staves
 + Level 3.7 Slings
 + Level 3.7 Bows
 + Level 3.7 Crossbows
 + Level 3.7 Throwing
 + Level 6.0 Armour
 + Level 4.5 Dodging
 + Level 3.7 Stealth
 + Level 3.7 Shields
 + Level 3.7 Unarmed Combat
 + Level 3.7 Spellcasting
 + Level 3.0 Conjurations
 + Level 3.0 Hexes
 + Level 3.0 Summonings
 + Level 3.0 Necromancy
 + Level 3.0 Translocations
 + Level 3.0 Transmutations
 + Level 3.0 Fire Magic
 + Level 3.0 Ice Magic
 + Level 3.0 Air Magic
 + Level 3.0 Earth Magic
 + Level 3.0 Poison Magic
 + Level 6.2 Invocations
 + Level 3.7 Evocations


You had 14 spell levels left.
You didn't know any spells.
Your spell library contained the following spells:

 Spells                   Type           Power        Failure   Level
 Shock                    Conj/Air       ##..         95%         1
 Swiftness                Air            ##......     99%         2
 Static Discharge         Conj/Air       ##......     100%        3
 Airstrike                Air            ##........   100%        4
 Lightning Bolt           Conj/Air       ##........   100%        5


Dungeon Overview and Level Annotations

Branches:
Dungeon (6/15)
 Temple: D:4-7

Altars:
Kikubaaqudgha

Shops:
D:5 [   D:6 *!*


Innate Abilities, Weirdness & Mutations

Your experience applies equally to all skills.
You have very sharp teeth.
Your uncanny sense of smell can sniff out nearby items.
You are partially covered in large bone plates. (SH +4)
You are partially covered in molten scales. (AC +2)
You are agile. (Dex +2)
You can translocate small distances at will.


Message History

The two-headed ogre is moderately wounded.
You block the two-headed ogre's attack. The two-headed ogre barely misses you.
Unknown command.
You slash the two-headed ogre!
You feel better.
The two-headed ogre is heavily wounded.
The two-headed ogre hits you with a +0 giant club!
You block the two-headed ogre's attack.
Unknown command.
Your plate armour prevents you from hitting the two-headed ogre.
The two-headed ogre is heavily wounded.
You block the two-headed ogre's attack.
The two-headed ogre hits you with a +0 giant spiked club!
* * * LOW HITPOINT WARNING * * *
Unknown command.
You hit the two-headed ogre.
You feel better.
The two-headed ogre is severely wounded.
The two-headed ogre hits you with a +0 giant club!
* * * LOW HITPOINT WARNING * * *
The two-headed ogre hits you with a +0 giant spiked club!
You die...

#########
#...#...###
#.⌠...⌠...#
#(..#...#.#
##.######.#
#.O@# #.#
#.⌠...⌠.).⌠.#.#
#...#.[.#...#.#
######.###.##.#
... ..#.# ..⌠.
.#.# #... #.#
### #.# #
#.##########


You could see a two-headed ogre.

Vanquished Creatures
  Duvessa (D:5)
  An ice beast (D:6)
  A sky beast (D:5)
  A black bear (D:5)
  An orc warrior (D:6)
  2 ogres (D:6)
  A necrophage (D:6)
  3 centaurs
  Dowan (D:5)
  A quasit (D:6)
  4 orc priests
  A hound (D:6)
  An orc wizard (D:6)
  5 worker ants
  Terence (D:3)
  2 hound skeletons
  5 adders
  A white imp (D:3)
  2 ufetubi
  3 adder skeletons
  3 worms
  A dart slug (D:4)
  5 leopard geckos
  20 orcs
  6 giant cockroaches
  5 goblins
  8 hobgoblins
  9 jackals
  8 kobolds
  4 quokkas
  3 ball pythons
  7 bats
  7 frilled lizards
  A jackal skeleton (D:5)
  A quokka skeleton (D:4)
  6 rats
132 creatures vanquished.

Notes
Turn   | Place    | Note
-------+----------+-------------------------------------------
     0 | Abyss:1  | Gargoyl the Gnoll Abyssal Knight began the quest for the
                  | Orb.
     0 | Abyss:1  | Reached XP level 1. HP: 23/23 MP: 3/3
    16 | Abyss:2  | Found a roughly hewn altar of Beogh.
    48 | Abyss:2  | Found a corrupted altar of Lugonu.
    62 | Abyss:2  | Noticed a worldbinder
    62 | Abyss:2  | Noticed an eidolon
    63 | Abyss:2  | Noticed a small abomination
    65 | Abyss:2  | Noticed a jumping spider
    66 | Abyss:2  | Noticed a tarantella
    66 | Abyss:2  | Noticed a jumping spider
    67 | D:1      | Escaped the Abyss
   225 | D:1      | Reached * piety under Lugonu
   225 | D:1      | Reached XP level 2. HP: 29/29 MP: 5/5
   899 | D:1      | Reached XP level 3. HP: 19/35 MP: 6/6
  1181 | D:1      | Reached skill level 1 in Short Blades
  1181 | D:1      | Reached skill level 1 in Long Blades
  1181 | D:1      | Reached skill level 1 in Maces & Flails
  1181 | D:1      | Reached skill level 1 in Polearms
  1181 | D:1      | Reached skill level 1 in Staves
  1181 | D:1      | Reached skill level 1 in Slings
  1181 | D:1      | Reached skill level 1 in Bows
  1181 | D:1      | Reached skill level 1 in Crossbows
  1181 | D:1      | Reached skill level 1 in Throwing
  1181 | D:1      | Reached skill level 1 in Stealth
  1181 | D:1      | Reached skill level 1 in Shields
  1181 | D:1      | Reached skill level 1 in Unarmed Combat
  1181 | D:1      | Reached skill level 1 in Spellcasting
  1181 | D:1      | Reached skill level 1 in Evocations
  1360 | D:2      | Reached XP level 4. HP: 41/41 MP: 7/7
  1376 | D:2      | Reached skill level 1 in Conjurations
  1376 | D:2      | Reached skill level 1 in Hexes
  1376 | D:2      | Reached skill level 1 in Summonings
  1376 | D:2      | Reached skill level 1 in Necromancy
  1376 | D:2      | Reached skill level 1 in Translocations
  1376 | D:2      | Reached skill level 1 in Transmutations
  1376 | D:2      | Reached skill level 1 in Fire Magic
  1376 | D:2      | Reached skill level 1 in Ice Magic
  1376 | D:2      | Reached skill level 1 in Air Magic
  1376 | D:2      | Reached skill level 1 in Earth Magic
  1376 | D:2      | Reached skill level 1 in Poison Magic
  1427 | D:2      | Reached ** piety under Lugonu
  1538 | D:2      | Reached XP level 5. HP: 47/47 MP: 8/8
  1831 | D:2      | You fall into a shaft and drop 1 floor!
  1831 | D:3      | Found an ancient bone altar of Kikubaaqudgha.
  1977 | D:3      | Noticed Terence
  1995 | D:3      | Killed Terence
  2181 | D:3      | Noticed an ogre
  2266 | D:2      | Reached *** piety under Lugonu
  2605 | D:4      | Reached skill level 5 in Invocations
  2610 | D:4      | Reached XP level 6. HP: 50/53 MP: 9/9
  3134 | D:5      | Entered Level 5 of the Dungeon
  3151 | D:5      | Reached skill level 5 in Axes
  3151 | D:5      | Reached skill level 5 in Armour
  3271 | D:5      | Noticed Duvessa
  3272 | D:5      | Noticed a sky beast
  3274 | D:5      | Noticed Dowan
  3296 | D:5      | Got a spiked hat
  3302 | D:5      | Identified the +2 hat of Duty {+Inv rPois Regen+ Int+2}
                  | (You found it on level 5 of the Dungeon)
  3485 | D:5      | Killed Duvessa
  3485 | D:5      | Reached XP level 7. HP: 45/59 MP: 10/10
  3485 | D:5      | Killed Dowan
  3485 | D:5      | Reached skill level 7 in Fighting
  3624 | D:5      | Found Guzyluvi's Armour Emporium.
  3696 | D:5      | Reached XP level 8. HP: 63/67 MP: 12/12
  3856 | D:5      | Reached **** piety under Lugonu
  4110 | D:6      | Found Qanao's General Store.
  4360 | D:6      | Found Udilairr's Distillery.
  4375 | D:6      | Bought 2 potions of heal wounds for 140 gold pieces
  4375 | D:6      | Bought a potion of mutation for 112 gold pieces
  4375 | D:6      | Gained mutation: You are partially covered in molten
                  | scales. (AC +2) [potion of mutation]
  4375 | D:6      | Gained mutation: You are agile. (Dex +2) [potion of
                  | mutation]
  4375 | D:6      | Gained mutation: You are partially covered in large bone
                  | plates. (SH +4) [potion of mutation]
  4375 | D:6      | Gained mutation: You can translocate small distances at
                  | will. [potion of mutation]
  4456 | D:6      | Found Hicvanue's General Store.
  4459 | D:6      | Bought a potion of heal wounds for 75 gold pieces
  4495 | D:6      | Noticed a two-headed ogre
  4505 | D:6      | Mangled by a two-headed ogre

Illustrated notes

Levels and vault maps discovered:
D:1:      dpeg_arrival_signposts, layout_basic
D:2:      layout_basic, lemuel_coloured_pillars_altar
D:3:      layout_rooms, overflow_temple_1_default, lightli_corner_chamber,
          uniq_terence
D:4:      layout_basic
D:5:      layout_gridville, serial_shops, nicolae_shop_behind_doors,
          minmay_fractal_squares_diagonal_5, uniq_duvessa
D:6:      layout_rooms, minmay_temple_entry_nine_rooms, serial_shops,
          nicolae_shop_window_shopping, nicolae_shop_behind_doors,
          nicolae_shop_behind_doors, nicolae_shop_trees

Skill      XL: |  1  2  3  4  5  6  7  8 |
---------------+-------------------------+-----
Short Blades   | 1 2 3 |  3.7
Long Blades    | 1 2 3 |  3.7
Maces & Flails | 1 2 3 |  3.7
Polearms       | 1 2 3 |  3.7
Staves         | 1 2 3 |  3.7
Slings         | 1 2 3 |  3.7
Bows           | 1 2 3 |  3.7
Crossbows      | 1 2 3 |  3.7
Throwing       | 1 2 3 |  3.7
Stealth        | 1 2 3 |  3.7
Shields        | 1 2 3 |  3.7
Unarmed Combat | 1 2 3 |  3.7
Spellcasting   | 1 2 3 |  3.7
Evocations     | 1 2 3 |  3.7
Conjurations   | 1 2 3 |  3.0
Hexes          | 1 2 3 |  3.0
Summonings     | 1 2 3 |  3.0
Necromancy     | 1 2 3 |  3.0
Translocations | 1 2 3 |  3.0
Transmutations | 1 2 3 |  3.0
Fire Magic     | 1 2 3 |  3.0
Ice Magic      | 1 2 3 |  3.0
Air Magic      | 1 2 3 |  3.0
Earth Magic    | 1 2 3 |  3.0
Poison Magic   | 1 2 3 |  3.0
Dodging        | 3 4 |  4.5
Invocations    | 5 6 |  6.2
Axes           | 5 6 |  6.0
Armour         | 5 6 |  6.0
Fighting       | 7 |  7.6

Action                   |  1- 3 |  4- 6 |  7- 9 || total
-------------------------+-------+-------+-------++-------
Melee: Broad axe         |    73 |   204 |   119 ||   396
       Bite              |     7 |    23 |    15 ||    45
Invok: Depart the Abyss  |     1 |       |       ||     1
  Use: Scroll            |     1 |     8 |     3 ||    12
       Potion            |       |     1 |     1 ||     2
Armor: Scale mail        |    50 |    81 |       ||   131
       Chain mail        |       |    35 |    52 ||    87
       Plate armour      |       |       |    84 ||    84
Dodge: Dodged            |    54 |   127 |    83 ||   264
Block: Buckler           |     2 |    59 |    57 ||   118

Table legend: (Time is in decaauts)
 A = Elapsed time spent in this place.
 B = Non-inter-level travel time spent in this place.
 C = Inter-level travel time spent in this place.
 D = Time resting spent in this place.
 E = Time spent auto-exploring this place.
 F = Levels seen in this place.
 G = Mean time per level.
                   A        B        C        D        E       F      G
               +--------+--------+--------+--------+--------+-----+--------+
         Total |   4654 |   4558 |     96 |    709 |   2644 |   8 |  581.8 |
       Dungeon |   4587 |   4491 |     96 |    709 |   2609 |   6 |  764.5 |
         Abyss |     66 |     66 |      0 |      0 |     35 |   2 |   33.0 |
               +--------+--------+--------+--------+--------+-----+--------+

Top non-repeatable levels by time:
     D:1: 1222 daAuts
     D:5: 910 daAuts
     D:2: 784 daAuts
     D:3: 606 daAuts
     D:4: 549 daAuts
     D:6: 514 daAuts
 Abyss:2: 50 daAuts
 Abyss:1: 16 daAuts
